 Dungeon Crawl Stone Soup version 0.28.0 (webtiles) character file.

Game seed: 7740171670345094040

254 GrayStillPlays the Skirmisher (level 6, -1/49 HPs)
             Began as a Formicid Abyssal Knight on Feb 17, 2022.
             Was a Believer of Lugonu.
             Slain by an orc priest (3 damage)
             ... on level 3 of the Dungeon.
             The game lasted 00:06:10 (3701 turns).

GrayStillPlays the Skirmisher (FoAK)                Turns: 3701, Time: 00:06:11

Health: -1/49      AC:  3    Str: 16 (19) XL:     6   Next: 37%
Magic:  8/8        EV: 11    Int:  9 (10) God:    Lugonu [**....]
Gold:   140        SH:  0    Dex:  8 (11) Spells: 5/5 levels left

rFire   . . .      SeeInvis +   a - +1 hand axe {axe}
rCold   . . .      Faith    +   (no shield)
rNeg    . . .      Spirit   .   b - +0 leather armour
rPois   .          Reflect  .   (helmet unavailable)
rElec   .          Harm     .   (no cloak)
rCorr   .          Rampage  .   (no gloves)
Will    .....                   (no boots)
Stlth   ..........              c - amulet of faith {!P}
HPRegen 0.16/turn               (no ring)
MPRegen 0.11/turn               (no ring)

@: confused, lethally poisoned (-1 -> -2)
A: permanent stasis, dig shafts and tunnels, antennae 3, four strong arms
a: Dig, Shaft Self, Renounce Religion, Depart the Abyss, Bend Space


You were on level 3 of the Dungeon.
You worshipped Lugonu.
Lugonu was pleased with you.
You visited 1 branch of the dungeon, and saw 3 of its levels.
You visited the Abyss 1 time.

You collected 140 gold pieces.


Innate Abilities, Weirdness & Mutations

You cannot be hasted, slowed, berserked, paralysed or teleported.
You can dig through walls and to a lower floor.
You have a pair of large antennae on your head. (SInv)
Your four strong arms can wield two-handed weapons with a shield.


   Skills:
 + Level 4.4 Fighting
 + Level 3.2 Axes
 + Level 3.6 Armour
 + Level 2.3 Dodging
 + Level 3.7 Invocations


You had 5 spell levels left.
You didn't know any spells.
Your spell library was empty.

Inventory:

Hand Weapons
 a - a +1 hand axe (weapon) {axe}
 q - a +2 dagger of draining {short}
   (You took it off a goblin on level 3 of the Dungeon)
Missiles
 e - 129 stones {throwing}
 k - 14 bolts
Armour
 b - a +0 leather armour (worn)
Jewellery
 c - an amulet of faith (around neck) {!P}
   (You found it on level 1 of the Dungeon)
 g - an amulet of reflection
   (You found it on level 1 of the Dungeon)
Scrolls
 f - 2 scrolls of blinking {unknown}
 h - a scroll of immolation {unknown}
 i - a scroll of holy word {unknown}
 j - a scroll of identify {unknown}
 l - a scroll of enchant weapon {unknown}
 n - a scroll of fear {unknown}
 o - a scroll of summoning {unknown}
 p - a scroll of teleportation {unknown}
Potions
 d - 2 potions of degeneration {!q@e2}
 m - a potion of attraction {unknown}
 r - 2 potions of curing {unknown}
 s - a potion of mutation {unknown}
 t - a potion of magic {unknown}

Dungeon Overview and Level Annotations

Branches:
Dungeon (3/15)

Altars:

Shops:
D:2

[ ########## #..≈≈ ### ###
..##.....#####...≈ ...# ####..
..##........##...###...#. #.....
.............'........... ......
............##........... ......
............##........... #.....
.....>......'..............#.....
............#...@................
...........##...oo......# #......
...........##...)###.##.###......
.....†.....#.....###.............
......#...........#.....##.......
......#...........#.....##.......
.....<...........)#.........##...
.#................#..............
.#..........###...#...)..........


You could see an orc priest and an orc wizard (invisible).


Message History

Natasha, Servant of Life and Death comes into view.
An orc comes into view. It is wielding a +0 hand axe.
The orc shouts!
Natasha claws you. 😕 HP[-4]
You take 4 damage, and now have 45/49 hp.
You slash Natasha!
Natasha mumbles some strange words.
You hit Natasha. Natasha misses you.
An orc priest comes into view. It is wielding a +0 hand axe.
An orc wizard comes into view.
It is wielding a staff of poison. 😕 HP[+1]
The orc priest shouts!
The orc wizard shouts!
You hit Natasha.
You kill Natasha!
Lugonu accepts your kill.
You feel Natasha's spirit has finally been put to rest.
The shadow imp disappears in a puff of smoke!
You hit the orc.
The orc priest calls down the wrath of Beogh upon you.
Beogh smites you!
The orc hits you with a +0 hand axe. 😮 HP[-15]
You take 15 damage, and now have 31/49 hp.
MASSIVE DAMAGE!! (PAUSE)
You are too injured to fight recklessly!
You are too injured to fight recklessly!
You are too injured to fight recklessly!
Unknown command.
The orc hits you with a +0 hand axe. The orc wizard casts a spell at you.
You are confused. 😮 HP[-1]
You take 1 damage, and now have 30/49 hp.
The orc hits you with a +0 hand axe.
The orc wizard gestures wildly while chanting.
The orc wizard flickers and vanishes for a moment. 😮 HP[-1]
You take 1 damage, and now have 29/49 hp. 😮 HP[+1]
You see here a +0 dagger {short}.
You feel less confused. The orc misses you. 😮 HP[+1]
You hit the orc.
You kill the orc!
Lugonu accepts your kill.
You hit the orc priest but do no damage.
The orc priest calls down the wrath of Beogh upon you.
You struggle to resist.
The orc priest hits you with a +0 hand axe. 😮 HP[-2]
You take 2 damage, and now have 29/49 hp.
You hit the orc priest. The orc priest barely misses you.
You slash the orc priest! The orc priest completely misses you.
You hit the orc priest but do no damage.
You barely miss the orc wizard. The orc wizard casts a spell at you.
You resist with some effort.
The orc priest hits you with a +0 hand axe. 😮 HP[-1]
You take 1 damage, and now have 28/49 hp.
You hit the orc priest but do no damage.
You hit the orc wizard.
The orc wizard gestures at you while chanting.
You are confused.
The orc priest calls down the wrath of Beogh upon you.
Pain shoots through your body!
* * * LOW HITPOINT WARNING * * *
The orc wizard misses you. 😨 HP[-8]
You take 8 damage, and now have 20/49 hp.
You closely miss the orc priest. You hit the orc wizard.
The orc priest hits you with a +0 hand axe.
* * * LOW HITPOINT WARNING * * *
The orc wizard closely misses you. 😨 HP[-4]
You take 4 damage, and now have 16/49 hp.
The orc wizard hits you but does no damage.
You barely miss the orc wizard. You barely miss the orc priest.
The orc priest completely misses you.
The orc wizard hits you with a staff of poison.
* * * LOW HITPOINT WARNING * * *
The orc wizard envenoms you.
* * * LOW HITPOINT WARNING * * *
You are poisoned.
The orc priest calls down the wrath of Beogh upon you.
Pain shoots through your body!
* * * LOW HITPOINT WARNING * * *
😱 HP[-13]
You take 13 damage, and now have 3/49 hp.
MASSIVE DAMAGE!! (PAUSE)
Okay, then.
It was a potion of degeneration.
There was something very wrong with that liquid.
You feel weakened.
You feel dopey.
You feel clumsy.
You feel sick.
The orc wizard hits you with a staff of poison.
* * * LOW HITPOINT WARNING * * *
The orc priest hits you with a +0 hand axe.
You die...

Skill      XL: |  1  2  3  4  5 |
---------------+----------------+-----
Dodging        | 1 2 |  2.3
Armour         | 3 |  3.6
Invocations    | 3 |  3.7
Fighting       | 4 |  4.4
Axes           | 3 |  3.2

Action                   |  1- 3 |  4- 6 || total
-------------------------+-------+-------++-------
Melee: Hand axe          |    92 |   127 ||   219
       Punch             |     3 |     4 ||     7
Invok: Depart the Abyss  |     1 |       ||     1
 Abil: Dig               |     1 |     1 ||     2
  Use: Potion            |       |     1 ||     1
 Stab: Sleeping          |     1 |       ||     1
Armor: Leather armour    |    20 |    26 ||    46
Dodge: Dodged            |    65 |    63 ||   128

Levels and vault maps discovered:
D:1:      nicolae_arrival_kraken_aquarium_b, layout_basic
D:2:      layout_rooms, serial_shops, nicolae_shop_crystal,
          hangedman_abyss_or_decor_lesser_grid, minmay_tromino_v4_c
D:3:      layout_basic, kennysheep_slug_shrine, mainiacjoe_overflow_alcove_1,
          uniq_robin, uniq_jessica, uniq_natasha

Notes
Turn   | Place    | Note
-------+----------+-------------------------------------------
     0 | Abyss:1  | GrayStillPlays the Formicid Abyssal Knight began the quest
                  | for the Orb.
     0 | Abyss:1  | Reached XP level 1. HP: 18/18 MP: 2/2
     0 | Abyss:1  | magus.rc [v1.9.6]
    53 | Abyss:1  | Found a corrupted altar of Lugonu.
    97 | Abyss:1  | Noticed a tentacled starspawn
   103 | Abyss:1  | Noticed a naga warrior
   113 | Abyss:1  | Noticed a freezing wraith
   128 | D:1      | You pass through the gate.
   128 | D:1      | Escaped the Abyss
   131 | D:1      | Killed an elf
   136 | D:1      | Killed a human
   137 | D:1      | Killed an octopode
   138 | D:1      | Killed a demigod
   138 | D:1      | Killed a vine stalker
   142 | D:1      | Killed a demigod
   143 | D:1      | Noticed a demonspawn
   143 | D:1      | Noticed a kraken
   143 | D:1      | Noticed a minotaur
   143 | D:1      | Noticed a vine stalker
   143 | D:1      | Noticed a felid
   143 | D:1      | Noticed a dwarf
   143 | D:1      | Noticed a minotaur
   145 | D:1      | Killed a minotaur
   145 | D:1      | Killed a demonspawn
   147 | D:1      | Killed a dwarf
   148 | D:1      | Killed a vine stalker
   148 | D:1      | Killed a kraken
   238 | D:1      | Reached skill level 1 in Dodging
   249 | D:1      | Reached XP level 2. HP: 6/24 MP: 3/3
   261 | D:1      | HP: 6/24 [jackal (1)]
   262 | D:1      | HP: 1/24 [jackal (3)]
   263 | D:1      | Reached * piety under Lugonu
   951 | D:1      | Reached XP level 3. HP: 24/29 MP: 4/4
  1618 | D:2      | Found Fosis's Armour Shop.
  1765 | D:2      | Reached XP level 4. HP: 20/37 MP: 6/6
  1767 | D:2      | Reached skill level 3 in Armour
  1767 | D:2      | Reached skill level 3 in Invocations
  2439 | D:3      | Reached XP level 5. HP: 37/37 MP: 7/7
  2439 | D:3      | Reached ** piety under Lugonu
  2688 | D:3      | Reached skill level 4 in Fighting
  2815 | D:3      | Noticed Natasha
  2822 | D:3      | Killed Natasha
  2823 | D:3      | Reached skill level 2 in Dodging
  2971 | D:3      | Noticed Natasha
  2980 | D:3      | Killed Natasha
  2981 | D:3      | Reached skill level 3 in Axes
  3238 | D:3      | Noticed Robin
  3295 | D:3      | Killed Robin
  3306 | D:3      | Reached XP level 6. HP: 17/48 MP: 8/8
  3618 | D:3      | Noticed Jessica
  3628 | D:3      | Killed Jessica
  3673 | D:3      | Noticed Natasha
  3679 | D:3      | Killed Natasha
  3700 | D:3      | HP: 10/49 [orc wizard (4)]
  3700 | D:3      | HP: 3/49 [orc priest/nerve-wracking pain (7)]
  3701 | D:3      | Slain by an orc priest

Vanquished Creatures
  A bullfrog skeleton (D:2)
  Jessica (D:3)
  Natasha (thrice) (D:3)
  Robin (D:3)
  3 adders
  A worm (D:2)
  2 dart slugs
  An orc (D:3)
  10 endoplasms
  5 giant cockroaches
  12 goblins (D:3)
  10 hobgoblins
  8 jackals (D:1)
  2 kobolds (D:2)
  4 quokkas
  4 ball pythons
  4 frilled lizards
  2 rats
74 creatures vanquished.

Vanquished Creatures (others)
  A kraken (D:1)
  A minotaur (D:1)
  A demonspawn (D:1)
  An octopode (D:1)
  2 vine stalkers (D:1)
  An elf (D:1)
  A human (D:1)
  2 demigods (D:1)
  A dwarf (D:1)
  A mummy (D:1)
  A gnoll (D:1)
  A kobold (D:1)
  2 starspawn tentacles (Abyss:1)
  10 tentacles (D:1)
26 creatures vanquished.

Grand Total: 100 creatures vanquished

Table legend:
 A = Non-vault XP
 B = Vault XP
 C = Vault XP percentage of total XP
 D = Non-vault monster count
 E = Vault monster count
 F = Vault count percentage of total count
                 A         B        C        D         E       F
            +---------+---------+-------+---------+---------+-------
      Total |     249 |     114 |  31.4 |      58 |      16 |  21.6
            +---------+---------+-------+---------+---------+-------
        D:1 |      47 |       0 |   0.0 |      25 |       0 |   0.0
        D:2 |      85 |       6 |   6.6 |      12 |       2 |  14.3
        D:3 |     117 |     108 |  48.0 |      21 |      14 |  40.0
            +---------+---------+-------+---------+---------+-------

Illustrated notes

Table legend:
 A = Kills in this place as a percentage of kills in entire the game.
 B = Kills by you in this place as a percentage of kills by you in the entire game.
 C = Kills by friends in this place as a percentage of kills by friends in the entire game.
 D = Other kills in this place as a percentage of other kills in the entire game.
 E = Experience gained in this place as a percentage of experience gained in the entire game.
 F = Experience gained in this place divided by the number of levels of this place that you have seen.
                   A       B       C       D       E      F
               +-------+-------+-------+-------+-------+----------------------
         Total | 100.0 | 100.0 |   N/A |   N/A | 100.0 |  90.8
       Dungeon | 100.0 | 100.0 |   N/A |   N/A | 100.0 | 121.0
               +-------+-------+-------+-------+-------+----------------------

Table legend: (Time is in decaauts)
 A = Elapsed time spent in this place.
 B = Non-inter-level travel time spent in this place.
 C = Inter-level travel time spent in this place.
 D = Time resting spent in this place.
 E = Time spent auto-exploring this place.
 F = Levels seen in this place.
 G = Mean time per level.
                   A        B        C        D        E       F      G
               +--------+--------+--------+--------+--------+-----+--------+
         Total |   3737 |   3714 |     23 |    180 |   2856 |   4 |  934.2 |
       Dungeon |   3609 |   3586 |     23 |    180 |   2803 |   3 | 1203.0 |
         Abyss |    128 |    128 |      0 |      0 |     53 |   1 |  128.0 |
               +--------+--------+--------+--------+--------+-----+--------+

Top non-repeatable levels by time:
     D:1: 1293 daAuts
     D:3: 1283 daAuts
     D:2: 1032 daAuts
 Abyss:1: 128 daAuts
